[Event "84th ESP-ch 2019"]
[Site "Marbella"]
[Date "2019.11.24"]
[Round "9.6"]
[White "Larino Nieto, David"]
[Black "Santos Ruiz, Miguel"]
[Result "1/2-1/2"]
[ECO "A04"]
[WhiteElo "2473"]
[BlackElo "2583"]
[Annotator "ChessBase"]
[PlyCount "60"]
[EventDate "2019.11.16"]
[EventType "swiss"]
[EventCountry "ESP"]
[SourceTitle "playchess.com"]
[Source "ChessBase"]
[SourceQuality "1"]
[TimeControl "5400+30"]

1. Nf3 c5 2. b3 Nc6 3. Bb2 Nf6 4. c4 d5 5. cxd5 Nxd5 6. g3 f6 7. Bg2 e5 8. O-O Be7 9. Nc3 Be6 10. Nh4 O-O 11. Nf5 Rf7 12. Nxe7+ Ndxe7 13. Rc1 Qd7 14. Ne4 b6 15. f4 exf4 16. Rxf4 Re8 17. Rf2 Ng6 18. Qf1 Bd5 19. d3 Nge5 20. h3 f5 21. Nc3 Bxg2 22. Qxg2 Rd8 23. Rcf1 Rff8 24. Rf4 Ng6 25. R4f2 Nd4 26. Bc1 Qe6 27. Bg5 Rde8 28. Bc1 Rd8 29. Bg5 Rde8 30. Bc1 Rd8 1/2-1/2

[Event "84th ESP-ch 2019"]
[Site "Marbella"]
[Date "2019.11.24"]
[Round "9.7"]
[White "Santos Latasa, Jaime"]
[Black "Diaz Camallonga, Carles"]
[Result "1-0"]
[ECO "D31"]
[WhiteElo "2581"]
[BlackElo "2465"]
[Annotator "ChessBase"]
[PlyCount "153"]
[EventDate "2019.11.16"]
[EventType "swiss"]
[EventCountry "ESP"]
[SourceTitle "playchess.com"]
[Source "ChessBase"]
[SourceQuality "1"]
[TimeControl "5400+30"]

1. d4 e6 2. c4 d5 3. Nc3 Be7 4. cxd5 exd5 5. Bf4 c6 6. e3 Bf5 7. Nge2 g6 8. Ng3 Be6 9. Bd3 Nd7 10. Nge2 Ngf6 11. h3 Nb6 12. Qc2 Nh5 13. Be5 f6 14. Bh2 f5 15. g4 Ng7 16. O-O-O Rf8 17. Nf4 Qd7 18. f3 Bd6 19. Rhf1 O-O-O 20. e4 fxe4 21. fxe4 Kb8 22. Kb1 Ka8 23. e5 Be7 24. Bg3 Bg8 25. Rf2 Ne6 26. Nxe6 Bxe6 27. Rdf1 Rxf2 28. Qxf2 Rc8 29. Bh4 Bb4 30. Rc1 a6 31. a3 Bf8 32. Bg5 c5 33. Be3 c4 34. Bc2 Be7 35. Rf1 Ka7 36. Qd2 Na8 37. Na4 b6 38. Bg5 Bf8 39. Rf3 Rb8 40. Kc1 Rc8 41. Kb1 Rb8 42. Qf2 Bg7 43. Bd2 Nc7 44. Bb4 Nb5 45. Nc3 Nxc3+ 46. bxc3 Qe8 47. g5 Rb7 48. h4 Rf7 49. Rxf7+ Qxf7 50. Qxf7+ Bxf7 51. Ba4 b5 52. Bc2 Be6 53. a4 Kb6 54. axb5 axb5 55. Kb2 Kc6 56. Ka3 Bg4 57. Bd6 Be6 58. Kb4 Bg4 59. Ka5 Bc8 60. Ba3 Bg4 61. Ka6 Bc8+ 62. Ka7 Bg4 63. Kb8 Be6 64. Bd1 Bf5 65. Bb4 Be6 66. Be7 Kd7 67. Ba3 Kc6 68. h5 gxh5 69. Bxh5 h6 70. Be8+ Bd7 71. Bf7 hxg5 72. e6 Bxe6 73. Bxe6 Bxd4 74. cxd4 c3 75. Bc5 c2 76. Kc8 c1=Q 77. Bd7# 1-0

[Event "84th ESP-ch 2019"]
[Site "Marbella"]
[Date "2019.11.24"]
[Round "9.8"]
[White "Merario Alarcon, Andres"]
[Black "Arizmendi Martinez, Julen Luis"]
[Result "1-0"]
[ECO "D31"]
[WhiteElo "2394"]
[BlackElo "2517"]
[Annotator "ChessBase"]
[PlyCount "79"]
[EventDate "2019.11.16"]
[EventType "swiss"]
[EventCountry "ESP"]
[SourceTitle "playchess.com"]
[Source "ChessBase"]
[SourceQuality "1"]
[TimeControl "5400+30"]

1. d4 d5 2. c4 e6 3. Nc3 Bb4 4. Nf3 Ne7 5. Qa4+ Nbc6 6. e3 O-O 7. Bd2 b6 8. a3 Bd6 9. cxd5 exd5 10. Nxd5 Bb7 11. Ba6 Bxa6 12. Nxe7+ Qxe7 13. Qxa6 Qe4 14. O-O Nb8 15. Qc4 a5 16. Rac1 Nd7 17. Qc6 Qxc6 18. Rxc6 f5 19. Rfc1 h6 20. Be1 Nf6 21. Nd2 Nd5 22. g3 Kf7 23. Nc4 Ke6 24. f3 Ne7 25. Nxd6 Nxc6 26. Nb5 Kd7 27. d5 Ne7 28. Rxc7+ Kd8 29. d6 Nd5 30. Rxg7 Rc8 31. Nc3 Nf6 32. g4 Rc6 33. Bg3 fxg4 34. e4 gxf3 35. e5 f2+ 36. Bxf2 Nh5 37. Bh4+ Kc8 38. d7+ Kb8 39. Rf7 Rg6+ 40. Kh1 1-0

[Event "84th ESP-ch 2019"]
[Site "Marbella"]
[Date "2019.11.24"]
[Round "9.9"]
[White "Garcia Ramos, Daniel"]
[Black "Huerga Leache, Mikel"]
[Result "0-1"]
[ECO "C00"]
[WhiteElo "2350"]
[BlackElo "2456"]
[Annotator "ChessBase"]
[PlyCount "100"]
[EventDate "2019.11.16"]
[EventType "swiss"]
[EventCountry "ESP"]
[SourceTitle "playchess.com"]
[Source "ChessBase"]
[SourceQuality "1"]
[TimeControl "5400+30"]

1. e4 e6 2. d4 d5 3. Bd3 c5 4. exd5 exd5 5. Nf3 c4 6. Be2 Nf6 7. O-O Bd6 8. b3 cxb3 9. axb3 O-O 10. c4 Nc6 11. Nc3 Bb4 12. Bb2 Bf5 13. Ra4 a5 14. Ne5 Qd6 15. Nb5 Qe7 16. Bf3 Rfd8 17. c5 Nxe5 18. dxe5 Ne4 19. Nd6 Bd7 20. Rxb4 axb4 21. Qxd5 Bc6 22. Qd4 Ng5 23. Bxc6 bxc6 24. Qxb4 Ra2 25. Bd4 Rda8 26. Qc3 Qd7 27. h4 Ne6 28. Be3 Nc7 29. Qd4 Nd5 30. h5 h6 31. Qe4 Rb8 32. Nf5 Rb4 33. Qf3 Kh7 34. Nd6 Rxb3 35. Re1 Nxe3 36. Qe4+ Kg8 37. Rxe3 Ra1+ 38. Kh2 Rxe3 39. fxe3 Qe7 40. Qf4 Rc1 41. Ne4 Kh8 42. Kg3 Rh1 43. Nd6 Rxh5 44. Qxf7 Qxe5+ 45. Kf2 Qf6+ 46. Qxf6 gxf6 47. Ne4 Re5 48. Kf3 Kg7 49. Kf4 h5 50. g3 Kg6 0-1

[Event "84th ESP-ch 2019"]
[Site "Marbella"]
[Date "2019.11.24"]
[Round "9.10"]
[White "Mingarro Carceller, Sergi"]
[Black "Valmana Canto, Jaime"]
[Result "1-0"]
[ECO "C07"]
[WhiteElo "2329"]
[BlackElo "2416"]
[Annotator "NA"]
[PlyCount "57"]
[EventDate "2019.11.16"]
[EventType "swiss"]
[EventCountry "ESP"]
[SourceTitle "playchess.com"]
[Source "ChessBase"]
[SourceQuality "1"]
[TimeControl "5400+30"]

1. e4 e6 2. d4 d5 3. Nd2 c5 4. exd5 Qxd5 5. Ngf3 cxd4 6. Bc4 Qd7 7. O-O Nc6 8. Nb3 Nf6 9. Qe2 a6 10. a4 Qc7 11. Rd1 Bd7 12. Nbxd4 O-O-O 13. Nxc6 Bxc6 14. Rxd8+ Kxd8 15. Ne5 Bd6 16. Bf4 Rf8 17. Nxc6+ Qxc6 18. Bxd6 Qxd6 19. Rd1 Nd5 20. Qh5 Kc7 21. Bxd5 exd5 22. Qxh7 Qe5 23. Qd3 Qxb2 24. Qxd5 Qb4 25. Qe5+ Kc8 26. c3 Qa3 27. Qxg7 Re8 28. Qd4 Kb8 29. h4 1-0

[Event "84th ESP-ch 2019"]
[Site "Marbella"]
[Date "2019.11.24"]
[Round "9.11"]
[White "Garza Marco, Sergio"]
[Black "Vega Gutierrez, Sabrina"]
[Result "1-0"]
[ECO "D30"]
[WhiteElo "2400"]
[BlackElo "2374"]
[Annotator "NA"]
[PlyCount "129"]
[EventDate "2019.11.16"]
[EventType "swiss"]
[EventCountry "ESP"]
[SourceTitle "playchess.com"]
[Source "ChessBase"]
[SourceQuality "1"]
[TimeControl "5400+30"]

1. d4 d5 2. c4 e6 3. Nf3 Nf6 4. e3 c6 5. Bd3 Nbd7 6. b3 Bd6 7. Bb2 Qe7 8. Ne5 Bb4+ 9. Nd2 Ne4 10. Bxe4 dxe4 11. O-O f5 12. a3 Bxd2 13. Qxd2 O-O 14. Nxd7 Bxd7 15. a4 Rfd8 16. Ba3 Qf6 17. Bd6 Be8 18. c5 Bh5 19. Ra2 h6 20. b4 a6 21. Rb1 Be8 22. Bc7 Rdc8 23. Be5 Qd8 24. Bd6 Kh7 25. Qe2 Qh4 26. Qc4 Bd7 27. Rf1 Re8 28. Rb2 Rg8 29. Bg3 Qe7 30. Qc2 Be8 31. h3 Qd7 32. Bd6 Bh5 33. Rfb1 Be8 34. Qd1 Qf7 35. f3 exf3 36. Qxf3 g5 37. Rf1 g4 38. hxg4 Rxg4 39. b5 axb5 40. axb5 Qg8 41. Bf4 Ra5 42. Be5 Qg5 43. Rfb1 Re4 44. Bf4 Qg7 45. b6 Ra3 46. Rd1 Bg6 47. Kf2 Qf7 48. Rh1 h5 49. Rd2 Qe8 50. Qg3 Qe7 51. Rh3 Ra8 52. Qf3 Qf7 53. Rg3 Rd8 54. Rd1 Ra8 55. Rg5 Ra2+ 56. Kg3 Ra8 57. Rh1 Ra3 58. Rh3 Qe8 59. Kh2 e5 60. dxe5 Rxe5 61. Rxg6 Kxg6 62. Qxh5+ Kf6 63. Qh7 Ke6 64. Bxe5 Kxe5 65. Qg7+ 1-0

[Event "84th ESP-ch 2019"]
[Site "Marbella"]
[Date "2019.11.24"]
[Round "9.12"]
[White "Gines Esteo, Pedro Antonio"]
[Black "Moral Garcia, Serafin"]
[Result "1-0"]
[ECO "A04"]
[WhiteElo "2463"]
[BlackElo "2267"]
[Annotator "ChessBase"]
[PlyCount "185"]
[EventDate "2019.11.16"]
[EventType "swiss"]
[EventCountry "ESP"]
[SourceTitle "playchess.com"]
[Source "ChessBase"]
[SourceQuality "1"]
[TimeControl "5400+30"]

1. Nf3 g6 2. d4 Bg7 3. c4 Nf6 4. Nc3 d5 5. cxd5 Nxd5 6. Na4 O-O 7. e4 Nb6 8. Be3 Bg4 9. Nc5 Nc6 10. d5 Ne5 11. Rc1 Rb8 12. h3 Bxf3 13. gxf3 Ned7 14. b4 c6 15. dxc6 bxc6 16. Na6 Rb7 17. Qc2 Ne5 18. Be2 Rd7 19. Nc5 Rc7 20. a4 e6 21. a5 Na8 22. f4 Nd7 23. Na6 Rc8 24. O-O Qh4 25. e5 g5 26. fxg5 Qxh3 27. Qe4 Nxe5 28. Qg2 Qf5 29. Rc5 Qg6 30. f4 Nd7 31. Rxc6 Rxc6 32. Qxc6 Nf6 33. Kh2 Nd5 34. f5 Be5+ 35. Kh1 Qg7 36. Bd2 Nac7 37. Nc5 exf5 38. Rxf5 Ne7 39. Qe4 Nxf5 40. Qxf5 Rd8 41. Bd3 Nd5 42. Nd7 Nf4 43. Bxf4 Bxf4 44. Nf6+ Kh8 45. Qxf4 h6 46. gxh6 Qf8 47. Nd7 Qe7 48. Qe5+ Qxe5 49. Nxe5 Kg8 50. Bc4 Rd4 51. Kg2 Kh7 52. Bxf7 Rxb4 53. Nc6 Rb5 54. Be8 Kxh6 55. Kf3 Kg7 56. Ke4 Kf8 57. Bd7 Rb7 58. Be6 Rg7 59. Kd5 Ke8 60. Kd6 Rg5 61. Bd7+ Kf7 62. a6 Rg1 63. Kc7 Ra1 64. Kb7 Kf6 65. Kxa7 Kf7 66. Kb7 Kf6 67. a7 Kf7 68. Kb6 Rxa7 69. Kxa7 Kf6 70. Kb6 Kf7 71. Kc5 Kf6 72. Kd5 Kf7 73. Ke5 Kg7 74. Kf5 Kf7 75. Be6+ Kg7 76. Kg5 Kh7 77. Kf6 Kh8 78. Ne5 Kh7 79. Ng6 Kh6 80. Bg8 Kh5 81. Ne5 Kh6 82. Ng4+ Kh5 83. Kf5 Kh4 84. Kf4 Kh5 85. Bf7+ Kh4 86. Ne3 Kh3 87. Bg6 Kh4 88. Ng2+ Kh3 89. Kf3 Kh2 90. Kf2 Kh3 91. Bf5+ Kh2 92. Ne3 Kh1 93. Bg4 1-0

[Event "84th ESP-ch 2019"]
[Site "Marbella"]
[Date "2019.11.24"]
[Round "9.13"]
[White "Tejedor Fuente, Enrique"]
[Black "Hernando Rodrigo, Julio Antonio"]
[Result "1/2-1/2"]
[ECO "C01"]
[WhiteElo "2457"]
[BlackElo "2271"]
[Annotator "ChessBase"]
[PlyCount "110"]
[EventDate "2019.11.16"]
[EventType "swiss"]
[EventCountry "ESP"]
[SourceTitle "playchess.com"]
[Source "ChessBase"]
[SourceQuality "1"]
[TimeControl "5400+30"]

1. e4 e6 2. d4 d5 3. exd5 exd5 4. c4 Nf6 5. Nc3 Bb4 6. Bd3 O-O 7. Nge2 h6 8. O-O dxc4 9. Bxc4 Nc6 10. a3 Bd6 11. Nb5 Bf5 12. Nxd6 cxd6 13. Nc3 d5 14. Ba2 Qb6 15. Be3 Qxb2 16. Nxd5 Nxd5 17. Bxd5 Rad8 18. Bxc6 bxc6 19. Qa4 Qb7 20. Rac1 Be4 21. Rc5 Rd6 22. Qb4 Qd7 23. f3 Bd5 24. Rcc1 Rg6 25. Qd2 Rb8 26. Kh1 Qf5 27. Qc2 Qxc2 28. Rxc2 Rb3 29. Bc1 Re6 30. Kg1 f5 31. Kf2 Rd3 32. Rd2 Rxd2+ 33. Bxd2 Bc4 34. Re1 Rxe1 35. Kxe1 Kf7 36. Be3 a5 37. Bf4 Ke6 38. Be5 g5 39. Bg7 h5 40. Bh6 Kd5 41. Bg7 Ke6 42. Be5 c5 43. Bc7 cxd4 44. Bxa5 Bb5 45. Bd2 Kf6 46. Kf2 h4 47. f4 g4 48. Ba5 Ke6 49. g3 h3 50. Bb4 Kd5 51. Ba5 Ke4 52. Bb4 Kd3 53. Ba5 Kc2 54. Bb4 Kb3 55. Ke1 Kc2 1/2-1/2

[Event "84th ESP-ch 2019"]
[Site "Marbella"]
[Date "2019.11.24"]
[Round "9.14"]
[White "Suarez Uriel, Adrian"]
[Black "Martin Hernandez, Ruben"]
[Result "1-0"]
[ECO "B47"]
[WhiteElo "2389"]
[BlackElo "2206"]
[Annotator "NA"]
[PlyCount "67"]
[EventDate "2019.11.16"]
[EventType "swiss"]
[EventCountry "ESP"]
[SourceTitle "playchess.com"]
[Source "ChessBase"]
[SourceQuality "1"]
[TimeControl "5400+30"]

1. e4 c5 2. Nf3 e6 3. d4 cxd4 4. Nxd4 Nc6 5. Nc3 Qc7 6. Qd3 $11 a6 7. Nxc6 bxc6 8. Qg3 Qxg3 9. hxg3 d5 10. Na4 Rb8 11. exd5 cxd5 12. Bf4 Rb4 13. b3 e5 14. Bd2 Rb8 15. Ba5 f6 16. c4 Ne7 17. Bc7 Rb7 18. Bd6 d4 19. c5 Nf5 20. Bxf8 Kxf8 21. Bxa6 Rc7 22. Bd3 e4 23. Bc4 Ke7 24. O-O-O Bd7 25. g4 Bxa4 26. gxf5 Rxc5 27. Rxd4 Bc6 28. g4 h6 29. Kb2 Rb8 30. Re1 h5 31. f3 Re5 32. fxe4 h4 33. Re3 Rh8 34. Bf1 1-0

[Event "84th ESP-ch 2019"]
[Site "Marbella"]
[Date "2019.11.24"]
[Round "9.15"]
[White "Calzetta Ruiz, Monica"]
[Black "Alvarez Fernandez, Enrique"]
[Result "0-1"]
[ECO "A20"]
[WhiteElo "2251"]
[BlackElo "2349"]
[Annotator "NA"]
[PlyCount "154"]
[EventDate "2019.11.16"]
[EventType "swiss"]
[EventCountry "ESP"]
[SourceTitle "playchess.com"]
[Source "ChessBase"]
[SourceQuality "1"]
[TimeControl "5400+30"]

1. c4 e5 2. g3 Nf6 3. Bg2 c6 4. d4 e4 5. Nc3 Bb4 6. Qb3 Bxc3+ 7. bxc3 O-O 8. h4 d5 9. cxd5 cxd5 10. Bg5 Nbd7 11. Nh3 Qa5 12. O-O h6 13. Bf4 Qa6 14. f3 Nb6 15. Nf2 e3 16. Bxe3 Nh5 17. g4 Ng3 18. Rfe1 Nxe2+ 19. Kh2 Re8 20. Bf4 Bxg4 21. Rxe2 Qxe2 22. Nxg4 h5 23. Ne5 f6 24. Nd7 Nxd7 25. Qxd5+ Qe6 26. Qxb7 Nb6 27. Bg3 Re7 28. Qe4 Qf7 29. Qc2 Rae8 30. Bf1 Qd5 31. Qb3 Rc8 32. c4 Qxd4 33. c5+ Kh8 34. cxb6 Qxa1 35. b7 Rb8 36. Bxb8 Qxf1 37. Be5 Qe2+ 38. Kg1 Qe1+ 39. Kg2 Qe2+ 40. Kg1 Rxb7 41. Qxb7 Qxe5 42. Qxa7 Qg3+ 43. Kf1 Qxf3+ 44. Qf2 Qa3 45. Qf5 Qc1+ 46. Kg2 Qd2+ 47. Kg3 Qc3+ 48. Qf3 Qa5 49. a4 Qxa4 50. Qxh5+ Kg8 51. Qd5+ Kf8 52. Qc5+ Ke8 53. Qh5+ Ke7 54. Qc5+ Ke6 55. h5 Qb3+ 56. Kf2 Qb2+ 57. Kf3 Qe5 58. Qc8+ Ke7 59. Qg4 Qd5+ 60. Kf2 Qc5+ 61. Kf1 Qc1+ 62. Kf2 Qd2+ 63. Kf1 Qd3+ 64. Kf2 Kf7 65. Ke1 Qe3+ 66. Kf1 Qd3+ 67. Ke1 Qc3+ 68. Kf1 Qa1+ 69. Kf2 Qa2+ 70. Kf1 Qe6 71. Qg6+ Kf8 72. Qd3 Qe5 73. Qf3 Kg8 74. Kf2 Kh7 75. Qd3+ f5 76. Qf3 Kh6 77. Kg2 Qe4 0-1

[Event "84th ESP-ch 2019"]
[Site "Marbella"]
[Date "2019.11.24"]
[Round "9.16"]
[White "Martinez Piqueras, Carlos"]
[Black "Pazos Porta, Antonio"]
[Result "0-1"]
[ECO "A53"]
[WhiteElo "2206"]
[BlackElo "2345"]
[Annotator "NA"]
[PlyCount "70"]
[EventDate "2019.11.16"]
[EventType "swiss"]
[EventCountry "ESP"]
[SourceTitle "playchess.com"]
[Source "ChessBase"]
[SourceQuality "1"]
[TimeControl "5400+30"]

1. d4 Nf6 2. c4 d6 3. Nc3 e5 4. e4 exd4 5. Qxd4 Nc6 6. Qd2 Be7 7. b3 O-O 8. Bb2 Re8 9. Bd3 Nd7 10. Nge2 Nc5 11. Bc2 a5 12. Nd5 Bg5 13. f4 Bh6 14. O-O Nxe4 15. Bxe4 Rxe4 16. Ng3 Re6 17. Nf5 Rg6 18. Nxh6+ Rxh6 19. Qc3 f6 20. Rae1 Bf5 21. Rf2 Qd7 22. Rfe2 Rg6 23. Re7 Nxe7 24. Rxe7 Qd8 25. Rxc7 Be4 26. Ne7+ Kf7 27. Nd5+ Kf8 28. g3 h5 29. Rxb7 Bxd5 30. cxd5 h4 31. Ba3 hxg3 32. hxg3 Kg8 33. Rc7 Qe8 34. Kf2 Rh6 35. Bb2 Qe4 0-1

[Event "84th ESP-ch 2019"]
[Site "Marbella"]
[Date "2019.11.24"]
[Round "9.17"]
[White "Berrocal Ruiz, Valentin"]
[Black "Perez Garcia, Alejandro"]
[Result "1/2-1/2"]
[ECO "B13"]
[WhiteElo "2143"]
[BlackElo "2343"]
[Annotator "NA"]
[PlyCount "98"]
[EventDate "2019.11.16"]
[EventType "swiss"]
[EventCountry "ESP"]
[SourceTitle "playchess.com"]
[Source "ChessBase"]
[SourceQuality "1"]
[TimeControl "5400+30"]

1. e4 c6 2. d4 d5 3. exd5 cxd5 4. Bd3 g6 5. c3 $11 Bf5 6. Bxf5 gxf5 7. Bg5 Nc6 8. Nd2 Qd7 9. Nb3 b6 10. Nh3 e6 11. Qe2 Bd6 12. Bf4 Nf6 13. Nc1 Rg8 14. g3 Rc8 15. Nd3 Ne7 16. Bg5 Ne4 17. Be3 Qb5 18. Rg1 a5 19. f3 Nf6 20. Bf4 Bxf4 21. Nhxf4 Ng6 22. Kf2 Nxf4 23. Nxf4 Qxe2+ 24. Kxe2 Ke7 25. Kf2 Kd6 26. Rge1 b5 27. Nd3 Nd7 28. a3 Rc4 29. Rac1 Rc7 30. Ke3 Nb6 31. Re2 Nc4+ 32. Kf2 a4 33. Ne5 f6 34. Nd3 e5 35. dxe5+ fxe5 36. Rd1 e4 37. Nb4 e3+ 38. Kg2 Rc5 39. Nd3 Rc7 40. Nf4 Rc5 41. Nd3 Rcc8 42. Nf4 Rc5 43. Nd3 Rcc8 44. Nf4 Rgd8 45. Rxd5+ Kc6 46. Rd4 Rxd4 47. cxd4 Rb8 48. Rc2 Rd8 49. d5+ Kd6 1/2-1/2

[Event "84th ESP-ch 2019"]
[Site "Marbella"]
[Date "2019.11.24"]
[Round "9.18"]
[White "Sanjuan Garcia, Miguel"]
[Black "Guerra Rivera, Salvador"]
[Result "1-0"]
[ECO "C41"]
[WhiteElo "2021"]
[BlackElo "2334"]
[Annotator "NA"]
[PlyCount "83"]
[EventDate "2019.11.16"]
[EventType "swiss"]
[EventCountry "ESP"]
[SourceTitle "playchess.com"]
[Source "ChessBase"]
[SourceQuality "1"]
[TimeControl "5400+30"]

1. e4 e5 2. Nf3 d6 3. Bc4 Be7 4. c3 Nf6 5. d3 O-O 6. Nbd2 c6 7. Bb3 a5 8. a4 Nbd7 9. Qe2 Nc5 10. Bc2 Re8 11. O-O Bf8 12. Nc4 h6 13. Be3 Qc7 14. b4 axb4 15. cxb4 Ncd7 16. a5 d5 17. Nb6 Ra6 18. Nxc8 Qxc8 19. Rab1 d4 20. Bd2 b5 21. Rfc1 Ra7 22. Bb3 Nb8 23. Nh4 Kh7 24. f4 exf4 25. Qf2 Na6 26. Ba2 Ng4 27. Qxf4 Ne5 28. Qg3 g6 29. Nf3 Nxd3 30. Ng5+ hxg5 31. Qxd3 Rd7 32. Bxg5 Bg7 33. Rf1 Qc7 34. Qh3+ Kg8 35. Rf6 Rxe4 36. Rbf1 Re3 37. Rxf7 Rd5 38. Rxc7 Rxh3 39. Bxd5+ cxd5 40. Rc8+ Kh7 41. gxh3 d3 42. Rf7 1-0

[Event "84th ESP-ch 2019"]
[Site "Marbella"]
[Date "2019.11.24"]
[Round "9.19"]
[White "Romero Calduch, Sergio"]
[Black "Zurano Lopez, Pedro"]
[Result "1-0"]
[ECO "A46"]
[WhiteElo "2130"]
[BlackElo "2292"]
[Annotator "NA"]
[PlyCount "123"]
[EventDate "2019.11.16"]
[EventType "swiss"]
[EventCountry "ESP"]
[SourceTitle "playchess.com"]
[Source "ChessBase"]
[SourceQuality "1"]
[TimeControl "5400+30"]

1. d4 Nf6 2. Nf3 e6 3. c4 d5 4. g3 dxc4 5. Qc2 Nc6 6. Qxc4 Nd5 7. a3 Nb6 8. Qd3 e5 9. dxe5 Qxd3 10. exd3 Bg4 11. Nbd2 O-O-O 12. h3 Bf5 13. Ne4 Be7 14. Bd2 Rhe8 15. O-O-O Bxe4 16. dxe4 Bc5 17. Bb5 Bxf2 18. Bf4 h6 19. h4 Re6 20. Rxd8+ Kxd8 21. Rd1+ Nd7 22. Bf1 Re7 23. Bh3 Bb6 24. h5 Ke8 25. Nh4 Nd4 26. Nf5 Nxf5 27. exf5 Nxe5 28. f6 gxf6 29. Bxh6 Nf3 30. Bf4 Be3+ 31. Bxe3 Rxe3 32. h6 Ng5 33. Bf5 Rxg3 34. h7 Nxh7 35. Bxh7 Rg5 36. Be4 c6 37. Rf1 Ke7 38. Bf5 b6 39. Be4 c5 40. Bd3 c4 41. Bc2 b5 42. a4 a6 43. a5 b4 44. Rf5 Rg1+ 45. Bd1 c3 46. b3 Rg2 47. Rf4 Ra2 48. Rxb4 Rxa5 49. Kc2 f5 50. Kxc3 Kd6 51. Be2 Rc5+ 52. Rc4 Ra5 53. Ra4 Rc5+ 54. Kb4 Rc2 55. Rxa6+ Ke5 56. Ra5+ Ke4 57. Bc4 f6 58. Ra6 f4 59. Rxf6 f3 60. Kc5 f2 61. b4 Ke5 62. Rf8 {[%emt 0:00:19] Kd5+} 1-0

[Event "84th ESP-ch 2019"]
[Site "Marbella"]
[Date "2019.11.24"]
[Round "9.20"]
[White "Serarols Mabras, Bernat"]
[Black "Rodriguez Reinoso, Victoriano"]
[Result "1-0"]
[ECO "E01"]
[WhiteElo "2367"]
[BlackElo "2204"]
[Annotator "NA"]
[PlyCount "59"]
[EventDate "2019.11.16"]
[EventType "swiss"]
[EventCountry "ESP"]
[SourceTitle "playchess.com"]
[Source "ChessBase"]
[SourceQuality "1"]
[TimeControl "5400+30"]

1. d4 Nf6 2. c4 e6 3. g3 d5 4. Bg2 Bb4+ 5. Bd2 Be7 6. Nf3 O-O 7. O-O Nbd7 8. Qc2 c6 9. Bf4 b6 10. Rd1 Bb7 11. Ne5 Nxe5 12. dxe5 Nd7 13. cxd5 cxd5 14. e4 dxe4 15. Bxe4 Bxe4 16. Qxe4 Nc5 17. Qe2 Qc7 18. Nc3 Rfd8 19. b4 Rxd1+ 20. Rxd1 Nd7 21. Qe4 Rd8 22. Nb5 Qb8 23. Rc1 g5 24. Nd4 Qa8 25. Nc6 Kg7 26. Qd4 gxf4 27. Nxd8 Qxd8 28. Rd1 Qa8 29. Qxd7 Bxb4 30. Rd4 1-0

[Event "84th ESP-ch 2019"]
[Site "Marbella"]
[Date "2019.11.24"]
[Round "9.21"]
[White "Perera Borrego, Maria Adela"]
[Black "Espinosa Aranda, Angel"]
[Result "0-1"]
[ECO "A05"]
[WhiteElo "2201"]
[BlackElo "2511"]
[Annotator "ChessBase"]
[PlyCount "134"]
[EventDate "2019.11.16"]
[EventType "swiss"]
[EventCountry "ESP"]
[SourceTitle "playchess.com"]
[Source "ChessBase"]
[SourceQuality "1"]
[TimeControl "5400+30"]

1. Nf3 Nf6 2. g3 b5 3. Bg2 Bb7 4. b3 e6 5. Bb2 Be7 6. c4 a6 7. O-O c5 8. d3 O-O 9. Nbd2 d6 10. e3 Nc6 11. Qe2 Qb6 12. Rac1 Rfd8 13. Rfd1 Rac8 14. h3 d5 15. cxd5 Nxd5 16. Nf1 Nf6 17. g4 Nb4 18. a3 Nc6 19. Ng3 Na5 20. Rb1 Bd5 21. b4 Nb7 22. g5 Ne8 23. bxc5 Nxc5 24. Bd4 Qb7 25. e4 Bb3 26. Rdc1 Ba4 27. Rc3 Nd7 28. Nh5 g6 29. Ng3 Rxc3 30. Bxc3 Qc7 31. Qb2 Bf8 32. d4 Nd6 33. Nd2 Rc8 34. Ne2 Nb6 35. Ba5 Ndc4 36. Bxb6 Qxb6 37. Nxc4 Rxc4 38. Rc1 Rxc1+ 39. Qxc1 Qd6 40. Qc8 Bd1 41. e5 Qxa3 42. Ng3 Bf3 43. Bxf3 Qxf3 44. Qxa6 b4 45. Qb6 b3 46. Qb8 Kg7 47. Nf1 Qc3 48. d5 exd5 49. e6 fxe6 50. Qb7+ Kg8 51. Qb6 Qxh3 52. Ng3 Qg4 53. Kg2 b2 54. f3 b1=Q 55. Qxb1 Qxg5 56. Qb8 h5 57. Kf2 Kg7 58. Qc7+ Qe7 59. Qe5+ Qf6 60. Qc7+ Qf7 61. Qe5+ Kh7 62. Ne2 Bg7 63. Qd6 e5 64. Kg2 h4 65. Ng1 e4 66. f4 Qf5 67. Kh2 Qg4 0-1

[Event "84th ESP-ch 2019"]
[Site "Marbella"]
[Date "2019.11.24"]
[Round "9.22"]
[White "Guadamuro Torrente, Anabel"]
[Black "Alsina Leal, Daniel"]
[Result "0-1"]
[ECO "B20"]
[WhiteElo "2145"]
[BlackElo "2467"]
[Annotator "ChessBase"]
[PlyCount "110"]
[EventDate "2019.11.16"]
[EventType "swiss"]
[EventCountry "ESP"]
[SourceTitle "playchess.com"]
[Source "ChessBase"]
[SourceQuality "1"]
[TimeControl "5400+30"]

1. e4 c5 2. d3 Nc6 3. g3 Nf6 4. Bg2 d5 5. exd5 Nxd5 6. Nc3 Nxc3 7. bxc3 g6 8. Ne2 Bg7 9. O-O Bd7 10. Rb1 b6 11. c4 Rc8 12. Bb2 Nd4 13. Nxd4 cxd4 14. Re1 O-O 15. Qd2 Bc6 16. Bxc6 Rxc6 17. Ba3 Re8 18. Qg5 Bf6 19. Qg4 Qc7 20. Bb2 h5 21. Qe4 Qd7 22. h4 Rc5 23. Rbd1 Ra5 24. a3 Rc8 25. Bc1 e6 26. Qf4 Rf5 27. Qe4 b5 28. Bh6 bxc4 29. dxc4 Rxc4 30. Rb1 Qd5 31. Qe2 Re5 32. Qd2 Rxe1+ 33. Rxe1 Qf5 34. Re2 Rc3 35. Bg5 Rxa3 36. Bxf6 Qxf6 37. Re1 Kg7 38. Qb4 Rc3 39. Re2 d3 40. cxd3 Rxd3 41. Qb7 a5 42. Ra2 Qe5 43. Rc2 Rd1+ 44. Kh2 Qd5 45. Qxd5 Rxd5 46. Ra2 Kf6 47. Kg2 Ke5 48. Kf3 Kd4 49. Ke2 Kc3 50. Ra3+ Kb2 51. Ra4 Kb3 52. Ra1 a4 53. Rb1+ Kc2 54. Ra1 Re5+ 55. Kf3 Ra5 0-1

[Event "84th ESP-ch 2019"]
[Site "Marbella"]
[Date "2019.11.24"]
[Round "9.24"]
[White "Gomez Dieguez, David"]
[Black "Rey Malde, Henrique"]
[Result "1/2-1/2"]
[ECO "B12"]
[WhiteElo "2336"]
[BlackElo "2209"]
[Annotator "NA"]
[PlyCount "90"]
[EventDate "2019.11.16"]
[EventType "swiss"]
[EventCountry "ESP"]
[SourceTitle "playchess.com"]
[Source "ChessBase"]
[SourceQuality "1"]
[TimeControl "5400+30"]

1. e4 c6 2. d4 d5 3. e5 c5 4. dxc5 e6 5. a3 Nc6 6. Nf3 Bxc5 7. b4 Bb6 8. Bd3 Nge7 9. O-O Ng6 10. Re1 O-O 11. Bb2 f6 12. exf6 gxf6 13. c4 Nf4 14. Bf1 dxc4 15. Qxd8 Nxd8 16. Bxc4 Kg7 17. Nc3 e5 18. Nd5 Nxd5 19. Bxd5 Be6 20. Be4 Nc6 21. Rac1 Rfd8 22. Bxc6 bxc6 23. Rxc6 Bg4 24. Bc1 Rd3 25. a4 Bd7 26. Rc4 Bxa4 27. Be3 Rad8 28. h3 Bxe3 29. Rxe3 Rxe3 30. Rc7+ Rd7 31. Rxd7+ Bxd7 32. fxe3 Kf7 33. Kf2 Ke6 34. e4 Kd6 35. Ke3 Kc6 36. g4 Kb5 37. g5 fxg5 38. Nxg5 Kxb4 39. Nxh7 Bxh3 40. Kd2 Bg2 41. Ng5 a5 42. Kc1 a4 43. Kb2 Bxe4 44. Nf7 a3+ 45. Ka1 Bd5 1/2-1/2

[Event "84th ESP-ch 2019"]
[Site "Marbella"]
[Date "2019.11.24"]
[Round "9.25"]
[White "Jimenez Ruano, Adrian"]
[Black "Luque Saiz, Andres"]
[Result "1-0"]
[ECO "D17"]
[WhiteElo "2269"]
[BlackElo "2140"]
[Annotator "NA"]
[PlyCount "75"]
[EventDate "2019.11.16"]
[EventType "swiss"]
[EventCountry "ESP"]
[SourceTitle "playchess.com"]
[Source "ChessBase"]
[SourceQuality "1"]
[TimeControl "5400+30"]

1. d4 d5 2. c4 c6 3. Nf3 Nf6 4. Nc3 dxc4 5. a4 Bf5 6. Ne5 Nbd7 7. Nxc4 Nb6 8. Ne5 a5 9. h4 h6 10. f3 Bh7 11. e4 e6 12. Be3 Nfd7 13. Nd3 Bd6 14. Rh3 Qc7 15. Qb3 Bg3+ 16. Ke2 Bd6 17. Rc1 Qd8 18. g4 Be7 19. Bg2 Bxh4 20. Rch1 Be7 21. f4 Nf8 22. Bf3 Bf6 23. Nc5 Nbd7 24. Nxb7 Qc7 25. Rc1 Be7 26. Nb5 Qb6 27. d5 c5 28. d6 Bd8 29. Nxc5 Nxc5 30. Bxc5 Qa6 31. d7+ Nxd7 32. Ba3 Be7 33. Qd3 Kd8 34. Rc7 Qc8 35. Rxc8+ Rxc8 36. Bxe7+ Kxe7 37. Qd6+ Ke8 38. Na7 1-0